 Dungeon Crawl Stone Soup version 0.29.1-2-gbd0b4ee654 (webtiles) character file.

Game seed: 11965708710489940460

226 sanboga the Chopper (level 6, -1/49 HPs)
             Began as a Formicid Monk on Nov 10, 2022.
             Slain by Pikel
             ... wielding a +2 whip of electrocution
              (7 damage)
             ... on level 4 of the Dungeon.
             The game lasted 00:03:31 (3707 turns).

sanboga the Chopper (Formicid Monk)                 Turns: 3707, Time: 00:03:32

Health: -1/49      AC: 10    Str: 18    XL:     6   Next: 22%
Magic:  6/6        EV:  8    Int:  9    God:
Gold:   132        SH:  0    Dex: 16    Spells: 5/5 levels left

rFire   . . .      SeeInvis +   u - +1 war axe
rCold   . . .      Faith    .   (no shield)
rNeg    . . .      Spirit   .   q - +1 chain mail
rPois   .          Reflect  .   (helmet unavailable)
rElec   .          Harm     .   (no cloak)
rCorr   .          Rampage  .   (no gloves)
Will    .....                   (no boots)
Stlth   ..........              d - amulet of the acrobat
HPRegen 0.16/turn               (no ring)
MPRegen 0.10/turn               (no ring)

@: no status effects
A: permanent stasis, dig shafts and tunnels, antennae 3, four strong arms
a: Dig, Shaft Self


You were on level 4 of the Dungeon.
You visited 1 branch of the dungeon, and saw 4 of its levels.

You collected 132 gold pieces.

Inventory:

Hand Weapons
 u - a +1 war axe (weapon)
Armour
 q - a +1 chain mail (worn)
Jewellery
 d - an amulet of the acrobat (around neck)
Wands
 o - a wand of flame (24)
Potions
 a - a potion of heal wounds {unknown}
 c - a potion of ambrosia
 j - 3 potions of curing
 k - a potion of mutation
 l - 2 potions of might {unknown}
 m - a potion of invisibility {unknown}
 r - a potion of brilliance {unknown}
 t - a potion of cancellation {unknown}


   Skills:
 + Level 4.5 Fighting
 * Level 5.0 Axes
 + Level 2.7 Armour
 - Level 2.7 Dodging
 - Level 2.5 Stealth


You had 5 spell levels left.
You didn't know any spells.
Your spell library contained the following spells:

 Spells                   Type           Power      Damage    Failure   Level
 Freeze                   Ice            0%         1d3       99%         1
 Sublimation of Blood     Necr           0%         N/A       100%        2
 Wereblood                Tmut           0%         N/A       100%        2
 Frozen Ramparts          Ice            0%         1d1       100%        3
 Lesser Beckoning         Tloc           0%         N/A       100%        3
 Hailstorm                Conj/Ice       0%         3d3       100%        4
 Fireball                 Conj/Fire      0%         3d3       100%        5
 Manifold Assault         Tloc           0%         N/A       100%        5
 Starburst                Conj/Fire      0%         6d3       100%        6
 Summon Hydra             Summ           0%         N/A       100%        7
 Ignition                 Fire           0%         3d3       100%        8
 Blink                    Tloc           Unusable   N/A       N/A         2

Dungeon Overview and Level Annotations

Branches:
Dungeon (4/15)
 Temple: D:4-7

Altars:

Annotations:
D:4 Pikel


Innate Abilities, Weirdness & Mutations

You cannot be hasted, slowed, berserked, paralysed or teleported.
You can dig through walls and to a lower floor.
You have a pair of large antennae on your head. (SInv)
Your four strong arms can wield two-handed weapons with a shield.


Message History

HP restored.
You climb downwards.
You hear the hiss of flowing sand.
There is an entrance to an ossuary on this level.
Hurry and find it before the portal is buried!
Level annotation: Pikel You hear the brisk hiss of a very distant avalanche of sand.
A lemure comes into view.
The lemure hits you but does no damage. Pikel closely misses you.
The adder bites you but does no damage.
Pikel hits you with a +2 whip of electrocution!
The lemure hits you but does no damage.
There is a stone staircase leading up here.
You barely miss Pikel. You completely miss the adder.
The lemure shouts!
You hit the lemure but do no damage. The adder closely misses you.
The lemure completely misses you. Pikel hits you but does no damage.
You hit Pikel but do no damage. You miss the adder.
You closely miss the lemure. The adder bites you.
You are poisoned.
The adder poisons you! The adder completely misses you.
Pikel hits you with a +2 whip of electrocution.
The lemure hits you.
You closely miss Pikel. You hit the adder. You hit the lemure.
You feel sick. The adder bites you but does no damage.
The lemure barely misses you.
Pikel hits you with a +2 whip of electrocution!
The adder bites you but does no damage.
You closely miss Pikel. You slash the adder!
You kill the adder!
You closely miss the lemure.
You feel sick. The lemure hits you. Pikel barely misses you.
The lemure hits you.
* * * LOW HITPOINT WARNING * * *
Pikel barely misses you.
Your Axes skill increases to level 5!
You closely miss Pikel. You slash the lemure!
You hit the lemure but do no damage.
You feel sick.
You are no longer poisoned.
The lemure hits you but does no damage. The lemure hits you.
* * * LOW HITPOINT WARNING * * *
Pikel hits you with a +2 whip of electrocution!
You die...

#........ .
##.......
..#........
..........
#.......#
##.......
<.....5>##
#.....5@K#
#[..##......#
# ......##..#
....##.... #
#$..# ##...
#... .....
#.# .... #.
....


You could see Pikel and 2 lemures.

Vanquished Creatures
  2 lemures (D:3)
  A necrophage (D:3)
  A scorpion (D:3)
  Jessica (D:2)
  2 adders
  2 worms (D:3)
  A dart slug (D:1)
  An orc (D:3)
  2 bats
  5 endoplasms (D:2)
  3 giant cockroaches
  4 hobgoblins
  7 jackals
  2 quokkas (D:1)
  7 ball pythons
  5 frilled lizards
  3 goblins
  9 kobolds
  A rat (D:3)
59 creatures vanquished.

Notes
Turn   | Place    | Note
-------+----------+-------------------------------------------
     0 | D:1      | sanboga the Formicid Monk began the quest for the Orb.
     0 | D:1      | Reached XP level 1. HP: 18/18 MP: 1/1
   441 | D:1      | Reached XP level 2. HP: 23/24 MP: 2/2
   710 | D:1      | Found a faded altar of an unknown god.
  1114 | D:1      | Reached skill level 1 in Armour
  1323 | D:1      | Reached XP level 3. HP: 25/29 MP: 3/3
  1516 | D:2      | Noticed Jessica
  1519 | D:2      | Killed Jessica
  1604 | D:2      | Reached XP level 4. HP: 34/37 MP: 4/4
  2008 | D:2      | Reached skill level 4 in Axes
  2307 | D:3      | Noticed a scorpion
  2322 | D:3      | Killed a scorpion
  2323 | D:3      | Reached XP level 5. HP: 15/42 MP: 5/5
  3348 | D:4      | Noticed a lemure
  3350 | D:4      | Noticed Pikel
  3497 | D:4      | Noticed a lemure
  3499 | D:4      | Noticed a lemure
  3508 | D:3      | Reached XP level 6. HP: 20/49 MP: 6/6
  3707 | D:4      | Reached skill level 5 in Axes
  3707 | D:4      | Slain by Pikel

Illustrated notes

Levels and vault maps discovered:
D:1:      minmay_arrival_glassed_features, layout_basic,
          ebering_ecumenical_altar_ruins, solitary_fountain,
          minmay_misc_feat_more_columns, minmay_tree_intersection
D:2:      layout_basic, uniq_jessica
D:3:      layout_basic
D:4:      layout_cave_pools, grunt_temple_overflow_order_and_chaos_2,
          mainiacjoe_overflow_alcove_2, gammafunk_ghost_abyssal_escape,
          nicolae_ossuary_entry_catacombs, uniq_pikel

Skill      XL: |  1  2  3  4  5  6 |
---------------+-------------------+-----
Armour         | 1 2 |  2.7
Axes           | 4 5 |  5.0
Fighting       | 4 |  4.5
Dodging        | |  2.7
Stealth        | |  2.5

Action                   |  1- 3 |  4- 6 || total
-------------------------+-------+-------++-------
Melee: Hand axe          |    61 |    86 ||   147
       Punch             |       |     2 ||     2
       War axe           |       |    22 ||    22
  Use: Potion            |       |     3 ||     3
       Scroll            |       |     7 ||     7
 Stab: Sleeping          |     3 |     1 ||     4
Armor: Robe              |     6 |       ||     6
       Chain mail        |       |    81 ||    81
Dodge: Dodged            |    40 |    75 ||   115
